← All builds
Suicide front / Legion / Quick factory / OBSERVED BUILD

Standard suicide front

Quick Bot Lab into Vehicle Plant to project force at middle early with Ballista, Satyr, Decurion and Lance, transitioning into Barrage artillery and an Advanced Metal Extractor as the game develops.

#rush #raid · 26 distinct matches · 14 players · 79% of Legion Suicide front games · team won 50% of 26 · Recently observed

HOW TO PLAY IT

Key timing: Legion Vehicle Plant by 1:01

  1. Take a single mex and rush the bot lab immediately.
  2. Finish the bot lab fast to start early Decurion or Ballista pushes.
  3. Get the vehicle plant up to widen unit options for the front.
  4. Contest the middle early and expect combat losses right away.
  5. Pick up T2 constructor once middle is stabilized to prep for T2 arrivals.

Phase by phase

TYPICAL OF ITS 26 GAMES
  1. 1
  2. 2
  3. 3
PLAY THE OPENING

Follow the example game's first 6:00 step by step: what to build now, what comes next, and where it goes. At 1× it keeps pace with your own game.

  1. 1

    Up to the Legion Bot Lab

    Economy
    • Metal Extractor1Mex
    Order
    1. Legion Bot LabLegion Bot Lab after 2 mexdone ~0:34, middle half 0:20–0:35

    By 0:17 in all: 1 mex

    The example game in this phase · 2 steps
    1. Mex ×2
    2. Legion Bot LabLegion Bot Labdone 0:35 · typical 0:34
  2. 2

    Legion Bot Lab to 5:00

    Economy
    • Metal Extractor5Mex
    • Wind Turbine7Wind
    Builders
    • Construction Turret1 Con turret
    • Legion Construction Bot3 Legion Construction Bot
    • Zagreus2 Zagreus
    Army
    • Pharos4 Pharos
    Other
    • Radar Tower1 Radar Tower

    Some games also: Ballista (42%) · Goblin (38%) · Satyr (38%) · Legion Construction Vehicle (35%) · Barrage (31%)

    By 5:00 in all: 6 mex · 8 wind · 1 con turret

    The example game in this phase · 49 steps
    1. Solar
    2. ZagreusZagreus
    3. KarkinosKarkinos
    4. PharosPharos
    5. ZagreusZagreus
    6. Legion Construction BotLegion Construction Bot
    7. Mex
    8. Legion Construction BotLegion Construction Bot
    9. Radar TowerRadar Tower
    10. Mex
    11. SatyrSatyr
    12. Mex
    13. SatyrSatyr
    14. Con turret
    15. SatyrSatyr ×2
    16. PharosPharos
    17. SatyrSatyr
    18. ZagreusZagreus
    19. PharosPharos
    20. SatyrSatyr ×3
    21. Radar TowerRadar Tower
    22. SatyrSatyr ×2
    23. ZagreusZagreus
    24. Wind ×2
    25. PharosPharos
    26. SatyrSatyr
    27. Wind
    28. SatyrSatyr ×2
    29. Wind
    30. SatyrSatyr
    31. Wind
    32. SatyrSatyr
    33. ZagreusZagreus
    34. Wind
    35. SatyrSatyr
    36. Wind
    37. SatyrSatyr
    38. Wind
    39. SatyrSatyr
    40. Wind
    41. SatyrSatyr ×2
    42. Wind
    43. SatyrSatyr
    44. ZagreusZagreus
    45. PharosPharos
    46. Wind
    47. SatyrSatyr
    48. Con turret
    49. SatyrSatyr
  3. 3

    5:00 to 10:00

    Economy
    • Metal Extractor2Mex
    • Wind Turbine17Wind
    • Energy Storage1Energy storage
    Builders
    • Construction Turret3 Con turret

    Some games also: Zagreus (46%) · Radar Tower (42%) · converter (38%) · Ballista (38%) · Pharos (35%)

    By 10:00 in all: 8 mex · 25 wind · 1 energy storage · 4 con turret

    The example game in this phase · 150 steps
    1. Wind
    2. SatyrSatyr
    3. PharosPharos
    4. SatyrSatyr
    5. Wind
    6. SatyrSatyr ×2
    7. Wind
    8. ZagreusZagreus
    9. Wind
    10. JanusJanus
    11. Wind
    12. SatyrSatyr
    13. Wind
    14. SatyrSatyr
    15. Wind
    16. JanusJanus
    17. Wind
    18. SatyrSatyr
    19. Wind
    20. JanusJanus
    21. Wind
    22. SatyrSatyr
    23. Wind
    24. SatyrSatyr ×2
    25. Wind
    26. JanusJanus
    27. ZagreusZagreus
    28. Wind ×2
    29. SatyrSatyr
    30. Wind
    31. SatyrSatyr
    32. Con turret
    33. JanusJanus
    34. SatyrSatyr
    35. Wind
    36. SatyrSatyr
    37. Wind ×2
    38. SatyrSatyr
    39. Wind
    40. KarkinosKarkinos
    41. ZagreusZagreus
    42. Wind ×2
    43. SatyrSatyr ×2
    44. Wind
    45. SatyrSatyr ×3
    46. Wind
    47. SatyrSatyr ×4
    48. Wind ×2
    49. SatyrSatyr
    50. Wind
    51. MaceMace
    52. SatyrSatyr ×2
    53. Wind
    54. SatyrSatyr
    55. MaceMace ×2
    56. ZagreusZagreus
    57. Construction BotCon bot
    58. MaceMace
    59. SatyrSatyr ×6
    60. ZagreusZagreus
    61. Advanced Metal ExtractorT2 mexdone 8:52
    62. SatyrSatyr
    63. Energy storage
    64. Advanced Metal ExtractorT2 mex
    65. SatyrSatyr ×2
    66. MaceMace
    67. SatyrSatyr ×3
    68. MaceMace
    69. SatyrSatyr
    70. ZagreusZagreus
    71. Advanced Metal ExtractorT2 mex
    72. SatyrSatyr
    73. Con turret ×2
    74. Wind ×2
    75. Advanced Metal ExtractorT2 mex
    76. Wind ×6
    77. Con turret ×2
    78. Advanced Radar TowerAdvanced Radar Tower
    79. Legion Vehicle PlantLegion Vehicle Plantdone 11:36 · typical 1:01
    80. Wind
    81. Legion Vehicle PlantLegion Vehicle Plantdone 11:45
    82. Wind ×2
    83. Con turret
    84. Wind
    85. Con turret
    86. HeliosHelios ×2
    87. Wind
    88. HeliosHelios
    89. Advanced Metal ExtractorT2 mex
    90. Wind
    91. HeliosHelios ×3
    92. Wind
    93. HeliosHelios ×2
    94. Wind
    95. HeliosHelios ×2
    96. Wind
    97. HeliosHelios ×2
    98. Wind ×2
    99. HeliosHelios
    100. Wind ×2
    101. HeliosHelios ×2
    102. Wind
    103. Advanced Metal ExtractorT2 mex
    104. Wind
    105. HeliosHelios
    106. Wind ×2
    107. HeliosHelios ×2
    108. Wind ×2
    109. HeliosHelios
    110. Wind
    111. HeliosHelios ×2
    112. Wind
    113. HeliosHelios ×2
    114. Wind
    115. HeliosHelios ×2
    116. Wind ×2
    117. HeliosHelios ×2
    118. Wind
    119. HeliosHelios ×2
    120. Wind
    121. HeliosHelios ×2
    122. Wind
    123. HeliosHelios ×2
    124. Wind ×2
    125. HeliosHelios
    126. ArquebusArquebusfor Geo seadone 13:27
    127. HeliosHelios
    128. Wind
    129. HeliosHelios
    130. Wind
    131. HeliosHelios
    132. Wind ×2
    133. HeliosHelios ×2
    134. Legion Bot LabLegion Bot Labdone 14:49
    135. Wind
    136. HeliosHelios ×2
    137. Wind
    138. HeliosHelios ×2
    139. Wind
    140. HeliosHelios
    141. ArquebusArquebusfor Geo
    142. HeliosHelios
    143. Wind
    144. HeliosHelios ×2
    145. Wind
    146. HeliosHelios
    147. Wind
    148. HeliosHelios ×17
    149. ZagreusZagreus
    150. HeliosHelios ×4

Counts are medians over the build's games: half of them build more, half fewer. The example game is [crd]sisa's (43 OS, 10/09/2026); pick another.

Team trades

IN AT LEAST 30% OF ITS GAMES

You hand over

Nothing regular.

You get

  • Tidal Generator4 Tidal from Pondfirst at 0:11 · in 69% of games
  • Advanced Construction Bot1 T2 con bot from Geo or Techfirst at 7:31 · in 54% of games

How it plays out

Typical game of this build, running totals by minute

Metal produced

010k20k30k
0:005:0010:0015:00

metal

Enemy metal destroyed

05k10k
0:005:0010:0015:00

metal

Own metal lost

05k10k
0:005:0010:0015:00

metal

26 games.

Show as table
ByMetal produced: This buildEnemy metal destroyed: This buildOwn metal lost: This build
1:0024900
2:0087900
3:00204220360
4:003176484320
5:0042971154788
6:00526718041130
7:00619125412201
8:00749140053250
9:00877445374000
10:001049947444506
11:001232249825031
12:001458453036112
13:001742860647159
14:002039474937635
15:002406490817997
WHAT THE NUMBERS SAY

Suicide front trades heavily, destroying more enemy metal early than any other role shown but also losing the most, reflecting its all-in nature.

  • + Enemy metal destroyed hits 1253 by 5:00, far ahead of other roles at that mark.
  • + Metal produced by 5:00 reaches 4185, among the highest early figures.
  • − Own metal lost reaches 5320 by 10:00, the heaviest losses of any build shown.
  • − Team win rate is only 48%, despite the aggressive early trades.
THE EXAMPLE YOU ARE READING

[crd]sisa

43.5 OS · 10/09/2026

Open source match ↗

6 received units · includes a constructor
22 metal received · 35555 energy received

Allied construction assistance is unknown. Timings are observations, not a promise of solo reproducibility.

Typical milestones

Legion Bot Lab0:34Middle 50%: 0:20–0:35 · n=17
Legion Vehicle Plant1:01Middle 50%: 0:36–6:33 · n=16
Advanced Metal Extractor8:45Middle 50%: 8:17–9:33 · n=13

Played most by

_X_8games of this build[crd]sisa4games of this build[Cookie]Maco2games of this buildyubiyubi2games of this buildBoozha1game of this build